 Dungeon Crawl Stone Soup version 0.13.1-17-g0f9d4ff (webtiles) character file.

244 Lilouch the Poker (level 4, 0/36 HPs)
             Began as a Mummy Fighter on Dec 16, 2013.
             Slain by an ogre
             ... wielding a +0,+0 giant club
              (15 damage)
             ... on Level 5 of the Dungeon.
             The game lasted 00:07:26 (2490 turns).

Lilouch the Poker (Mummy Fighter)                   Turns: 2490, Time: 00:07:27

HP   0/36        AC  6     Str 20      XL: 4   Next: 39%
MP   3/3         EV  6     Int  7      God:
Gold 149         SH 18     Dex 11      Spells:  0 memorised,  3 levels left

Res.Fire  : x . .   See Invis. : .   a - +0 trident
Res.Cold  : + . .   Warding    : .   b - +0 scale mail
Life Prot.: + + +   Conserve   : .   c - +0 shield
Res.Poison: +       Res.Corr.  : +   (no helmet)
Res.Elec. : .       Clarity    : .   (no cloak)
Sust.Abil.: . .     Spirit.Shd : .   (no gloves)
Res.Mut.  : .       Stasis     : .   (no boots)
Res.Rott. : +       Flight     : .   f - amulet of resist corrosion {unknown}
Saprovore : . . .                    (no ring)
                                     (no ring)

@: slightly resistant to hostile enchantments, extremely unstealthy
A: no food or potions, fire vulnerability, restore body, cold resistance 1, life
protection 3, poison resistance, torment resistance, unbreathing
a: no special abilities


You were on level 5 of the Dungeon.
You were not hungry.

You visited 1 branch of the dungeon, and saw 5 of its levels.

You collected 129 gold pieces.

Inventory:

Hand weapons
 a - a +0,+0 trident (weapon)
 g - a +0,+0 spear (quivered)
 h - a +0,+0 orcish spear
 q - a +0,+0 spear
Missiles
 e - 65 bolts
 r - 52 poisoned needles
 v - 4 javelins
Armour
 b - a +0 scale mail (worn)
 c - a +0 shield (worn)
Scrolls
 d - a scroll of enchant weapon I {unknown}
 i - 6 scrolls of remove curse {unknown}
 k - 4 scrolls of identify {unknown}
 l - a scroll of curse jewellery {unknown}
 m - 2 scrolls of blinking {unknown}
 n - a scroll of enchant armour {unknown}
 o - a scroll of curse armour {unknown}
 p - a scroll of teleportation {unknown}
 s - a scroll of magic mapping {unknown}
 u - a scroll of fog {unknown}
Jewellery
 f - an amulet of resist corrosion (around neck) {unknown}
 j - an uncursed amulet of guardian spirit {unknown}
 t - an uncursed amulet of guardian spirit {unknown}
 w - an uncursed amulet of warding {unknown}
 x - an uncursed ring of teleport control {unknown}
Books
 y - a book of Fire

   Spells                             Type                      Level
   Fire Brand                         Charms/Fire                  2
   Ignite Poison                      Fire/Transmutation           5
   Fireball                           Conjuration/Fire             5
   Bolt of Fire                       Conjuration/Fire             6
   Delayed Fireball                   Conjuration/Fire             7
   Ring of Flames                     Charms/Fire                  7


   Skills:
 - Level 3.0 Fighting
 * Level 3.1 Polearms
 + Level 2.9 Armour
 + Level 2.8 Shields


You had 3 spell levels left.
You didn't know any spells.

Dungeon Overview and Level Annotations

Branches:
Dungeon (5/27)
 Temple: D:4-7

Altars:
Cheibriados
Fedhas
Kikubaaqudgha
Sif Muna
Trog

Annotations:
D:4 Eustachio, Grinder
D:5 Chiseanne's ghost, experienced TrHu


Innate Abilities, Weirdness & Mutations

You do not eat or drink.
Your flesh is vulnerable to fire.
Your flesh is cold resistant.
You are immune to negative energy.
Your system is resistant to poisons.
You are immune to unholy pain and torment.
You can survive without breathing.


Message History

The gnoll hits you but does no damage.
You climb downwards.
Chiseanne's ghost (experienced Troll Hunter) comes into view.
There is a stone staircase leading up here.
Chiseanne's ghost dodges and says, "Too slow!"
An ogre comes into view. It is wielding a giant club.
The ogre shouts!
Found a stone staircase leading down.
You hear a blaring wail to the west.
You hear a shout!
You hear a shout!
You hear a shout!
Chiseanne's ghost casts a spell at you. You resist. The ogre barely misses you.
A giant cockroach zombie comes into view.
The giant cockroach zombie waves its antennae.
The giant cockroach zombie waves its antennae.
You hit the giant cockroach zombie.
The giant cockroach zombie bites you but does no damage.
You block the giant cockroach zombie's attack.
The ogre hits you with a giant club!
You die...

#.####..........
#...........#.#
#####.......#
#.......#
#...##### #..p#
#...# #..O# #>z@#
...z............#
...............
...............
..###...#######
#...# #...# #...#
...


You could see an ogre, Chiseanne's ghost, a giant frog zombie and a giant
cockroach zombie.

Vanquished Creatures
  3 adders
  2 worms
  2 giant geckos
  An orc (D:3)
  6 hobgoblins
  5 jackals
  5 kobolds
  A quokka (D:3)
  A ball python (D:1)
  10 bats
  A giant cockroach (D:3)
  2 giant newts
  10 goblins
  7 rats
56 creatures vanquished.

Notes
Turn   | Place    | Note
--------------------------------------------------------------
     0 | D:1      | Lilouch, the Mummy Fighter, began the quest for the Orb.
     0 | D:1      | Reached XP level 1. HP: 18/18 MP: 0/0
   170 | D:1      | Reached XP level 2. HP: 21/24 MP: 1/1
   937 | D:2      | Reached XP level 3. HP: 26/30 MP: 2/2
  1128 | D:2      | Found a snail-covered altar of Cheibriados.
  1344 | D:2      | Noticed a moth of wrath
  1346 | D:2      | Found a bloodstained altar of Trog.
  1485 | D:2      | Found a blossoming altar of Fedhas.
  1597 | D:2      | Found a deep blue altar of Sif Muna.
  1676 | D:3      | Found an ancient bone altar of Kikubaaqudgha.
  1898 | D:3      | Reached XP level 4. HP: 31/36 MP: 3/3
  2171 | D:4      | Noticed Grinder
  2232 | D:4      | Noticed Eustachio
  2474 | D:5      | Entered Level 5 of the Dungeon
  2474 | D:5      | Noticed Chiseanne's ghost (experienced TrHu)
  2481 | D:5      | Noticed an ogre
  2490 | D:5      | Slain by an ogre

Action                   |  1- 3 |  4- 6 || total
-------------------------+-------+-------++-------
Melee: Trident           |   170 |    37 ||   207
